Map: 파라 사이트 - 래더

Players

Kelazhur

  • Race: Terran Terran
  • Spawn Location: 11:00

herO - Winner!

  • Race: Protoss Protoss
  • Spawn Location: 5:00

Event: IEM Season 13 - Katowice Server Qualifiers America

VOD

Have the link to the VOD?

Description

Time

  • Played on: Jan. 6, 2019, 5:31 p.m.
  • Length: 5:37

All games in this series

Show
View Real Time Build Order
Export as new Build Order

Kelazhur Terran 

Build Orders: Banshee Rush 

Get SALT Encoding   

  12  0:00  SCV  
  13  0:13  SCV  
  14  0:17  Supply Depot  
  14  0:25  SCV  
  15  0:39  SCV  
  15  0:41  Barracks  
  16  0:46  Refinery  
  16  0:51  SCV  
  17  0:57  Refinery  
  17  1:03  SCV  
  18  1:15  SCV  
  19  1:28  Reaper  
  19  1:29  Orbital Command  
  20  1:32  Supply Depot  
  20  1:59  SCV  
  21  2:02  Reaper  
  22  2:10  Factory  
  22  2:11  SCV  
  21  2:23  SCV  
  22  2:35  SCV  
  23  2:47  SCV  
  24  2:53  Factory Tech Lab, Command Center  
  24  2:57  Starport  
  23  2:59  SCV  
  24  3:11  SCV  
  25  3:12  Supply Depot  
  25  3:13  Cyclone  
  28  3:23  SCV  
  28  3:35  SCV  
  28  3:36  Starport Tech Lab  
  29  3:47  Cyclone  
  32  3:50  SCV  
  33  3:56  Cloaking Field, Banshee  
  36  4:03  Command Center  
  32  4:10  SCV  
  33  4:19  Cyclone  
  33  4:23  SCV  
  37  4:27  Marine  
  38  4:35  SCV  
  38  4:37  Supply Depot  
  38  4:49  Banshee  
  34  4:53  Cyclone  
  34  4:55  SCV  
  34  5:07  SCV  
  34  5:08  Barracks Reactor  
  35  5:19  SCV  
  36  5:27  Engineering Bay  
Show
View Real Time Build Order
Export as new Build Order

herO Protoss - Winner!

Build Orders: Oracle Opening 

Get SALT Encoding   

  12  0:01  Probe  
  13  0:13  Probe  
  14  0:17  Pylon  
  14  0:23  Probe  
  15  0:31  Probe  
  16  0:37  Gateway  
  16  0:39  Probe  
  16  0:47  Assimilator  
  17  0:51  Probe  
  18  1:03  Probe  
  19  1:05  Assimilator  
  19  1:12  Pylon  
  19  1:15  Probe  
  20  1:25  Cybernetics Core  
  20  1:26  Zealot  
  20  1:29  Probe  
  23  1:41  Probe  
  24  1:53  Adept, Probe  
  25  2:05  Stargate  
  25  2:06  Probe  
  28  2:10  Warp Gate  
  28  2:18  Probe  
  28  2:19  Adept  
  29  2:30  Pylon  
  29  2:39  Oracle  
  32  3:02  Nexus, Probe  
  33  3:06  Oracle  
  33  3:16  Pylon  
  33  3:19  Probe  
  36  3:31  Probe  
  37  3:41  Oracle  
  37  3:43  Probe  
  40  3:55  Probe  
  41  4:10  Phoenix  
  41  4:11  Probe  
  41  4:14  Probe  
  43  4:21  Adept  
  43  4:23  Probe  
  48  4:26  Probe  
  49  4:35  Probe, Phoenix  
  52  4:38  Probe  
  53  4:47  Probe  
  53  4:51  Probe  
  55  4:52  Shield Battery  
  55  4:54  Pylon  
  55  4:59  Probe  
  53  5:01  Phoenix  
  53  5:03  Probe  
  56  5:12  Nexus  
  56  5:15  Probe x2  
  58  5:21  Shield Battery  
  60  5:33  Twilight Council  

Tags
 
Add a new tag
Caveats
  • Supply blocks, unpowered buildings, or Contaminate may cause inaccurate times.
  • Supply counts are checked every 10 seconds.